 Dungeon Crawl Stone Soup version 0.31.0-12-g77e489cdc1 (webtiles) character file.

Game seed: 7473743573390721034

93 Killerpretzel the Changeling (level 4, -6/28 (29) HPs)
             Began as an Octopode Shapeshifter on Mar 2, 2024.
             Mangled by Natasha (7 damage)
             ... on level 2 of the Dungeon.
             The game lasted 00:01:24 (1384 turns).

Killerpretzel the Changeling (OpSh)                 Turns: 1384, Time: 00:01:25

HP:   -6/28 (29)    AC:  1    Str: 13    XL:     4   Next: 62%
MP:   4/4           EV: 13    Int: 12    God:
Gold: 93            SH:  4    Dex: 13    Spells: 3/3 levels left

rFire   . .          .
                       - Unarmed
rCold   . . .        k - +0 buckler
rNeg    . . .        (helmet currently unavailable)
rPois   +            (no amulet)
rElec   .            e - ring of wizardry
rCorr   .            g - ring of poison resistance
SInv    .            (no ring)
Will    .....        (no ring)
Stlth   ++           (no ring)
HPRegen 0.24/turn    (no ring)
MPRegen 0.09/turn    (no ring)
                     (no ring)

%: wizardry (x1)
@: beast-form, lightly drained
A: beast (slay +2), almost no armour, amphibious, 8 rings, camouflage 1,
gelatinous body 1, (nimble swimmer 1), tentacles
a: Begin Untransformation


You were on level 2 of the Dungeon.
You were a hulking beast.
You visited 1 branch of the dungeon, and saw 2 of its levels.

You collected 93 gold pieces.

Inventory:

Armour
 k - a +0 buckler (worn)
Jewellery
 e - a ring of wizardry (left tentacle)
 g - a ring of poison resistance (right tentacle)
 n - a +6 ring of strength
Talismans
 b - a beast talisman
 c - a flux talisman
Scrolls
 f - a scroll of silence {unknown}
 h - a scroll of fear {unknown}
 i - 2 scrolls of immolation {unknown}
 m - a scroll of enchant armour {unknown}
 o - a scroll of revelation {unknown}
 p - a scroll of teleportation {unknown}
Potions
 a - a potion of lignification
 d - 2 potions of curing {unknown}
 j - a potion of haste {unknown}
 l - a potion of brilliance {unknown}
 q - 2 potions of might {unknown}
 r - a potion of attraction {unknown}


   Skills:
 + Level 1.9 Fighting
 + Level 2.6 Dodging
 + Level 0.8 Shields
 + Level 3.4 Unarmed Combat
 * Level 3.8 Shapeshifting


You had 3 spell levels left.
You didn't know any spells.
Your spell library contained the following spells:

 Spells                   Type           Power      Damage    Failure   Level
 Scorch                   Fire           0%         2d5       26%         2
 Ozocubu's Armour         Ice            0%         N/A       45%         3
 Flame Wave               Conj/Fire      0%         2d4       86%         4
 Metabolic Englaciation   Hex/Ice        0%         N/A       99%         5
 Sculpt Simulacrum        Ice/Alch       0%         N/A       100%        6
 Summon Cactus Giant      Summ           0%         N/A       100%        6


Dungeon Overview and Level Annotations

Branches:
Dungeon (2/15)

Altars:
Ru

Shops:
D:2 (?*

Annotations:
D:2 Natasha


Innate Abilities, Weirdness & Mutations

You are a hulking beast.
Your limbs bulge with bestial killing power. (Slay +2)
You cannot wear most types of armour.
You are amphibious.
You can wear up to eight rings at the same time.
Your skin changes colour to match your surroundings (Stealth+).
Your rubbery body absorbs attacks. (AC +1, EV +1)
((You are camouflaged when in or above water. (Stealth+)))
You have tentacles for arms and can constrict up to eight enemies at once.


Message History

There are monsters nearby!
You closely miss Natasha.
Natasha is heavily wounded.
You touch Natasha but do no damage.
Natasha is heavily wounded.
The cerulean imp misses you. Natasha misses you.
Natasha attacks as she pursues you! Natasha claws you.
You are stuck in your current form!
You barely miss Natasha.
Natasha is heavily wounded.
Natasha barely misses you.
You barely miss Natasha.
Natasha is heavily wounded.
Natasha barely misses you.
You closely miss Natasha.
Natasha is heavily wounded.
Natasha stares at you and mumbles some strange words.
The magic dart hits you!
* * * LOW HITPOINT WARNING * * *
You touch Natasha but do no damage.
Natasha is heavily wounded.
Natasha claws you.
* * * LOW HITPOINT WARNING * * *
You barely miss Natasha.
Natasha is heavily wounded.
Natasha stares at you and mumbles some strange words.
The magic dart hits you.
* * * LOW HITPOINT WARNING * * *
You touch Natasha.
Natasha is severely wounded.
Natasha completely misses you.
You barely miss Natasha.
Natasha is severely wounded.
You condense into your normal self.
Your +0 buckler unmelds from your body.
Your ring of wizardry unmelds from your body.
Your ring of poison resistance unmelds from your body.
You turn into a hulking beast.
Natasha claws you!
You die...
Natasha curls up and begins to purr.

.# #.# #.#
#.# #..# .#
#.# #.# #.#
#.## .# #.#
#.# #.# #.#
.# #.# #.#
#.## #.# .#
#.# #.#
#..# #.# .#
#.# #.#
##.# #.# .#
#.# #.# #.#
.# #.#
#.#####.#
.# #h#
#.#..##.#
.# #h#
#)#..##.#
## #r#
#(#..##.#
.5.
#.#...#.#
.....
#...#...#
.......
##.###..#
........#
#.# #..#
...^.....#
#.# ##.#
..........#
#.####.####


You could see Natasha, a cerulean imp (summoned) and a rat.

Vanquished Creatures
  Natasha (twice) (D:2)
  A dart slug (D:1)
  A ribbon worm (D:2)
  4 ball pythons
  3 endoplasms
  3 giant cockroaches
  5 goblins
  2 hobgoblins
  2 jackals (D:1)
  5 bats
  4 frilled lizards
  4 kobolds
  4 rats
40 creatures vanquished.

Notes
Turn   | Place    | Note
-------+----------+-------------------------------------------
     0 | D:1      | Killerpretzel the Octopode Shapeshifter began the quest for
                  | the Orb.
     0 | D:1      | Reached XP level 1. HP: 13/13 MP: 1/1
   177 | D:1      | Reached XP level 2. HP: 16/18 MP: 2/2
   629 | D:1      | Reached XP level 3. HP: 21/23 MP: 3/3
   874 | D:2      | Found Fioloor's Antique Weapon Emporium.
   915 | D:2      | Found Cityirik's Magic Scroll Shoppe.
   971 | D:2      | Found a sacrificial altar of Ru.
   991 | D:2      | Noticed Natasha
   997 | D:2      | Killed Natasha
  1045 | D:2      | Noticed Natasha
  1047 | D:2      | Found Tihugiun's General Store.
  1050 | D:2      | Killed Natasha
  1051 | D:2      | Reached XP level 4. HP: 29/29 MP: 4/4
  1159 | D:2      | Found a faded altar of an unknown god.
  1362 | D:2      | Noticed Natasha
  1382 | D:2      | HP: 1/28 [Natasha/magic dart (2)]
  1384 | D:2      | Mangled by Natasha

Illustrated notes

Levels and vault maps discovered:
D:1:      lightli_arrival_statuegarden, layout_loops_corners
D:2:      layout_rooms, shapermc_ecumenical_altar_mp_ritualfount, serial_shops,
          shop, nicolae_shop_statue_plus, shop, shop, basic_altar, uniq_natasha

Action                     |  1- 3 |  4- 6 || total
---------------------------+-------+-------++-------
  Melee: Unarmed           |    54 |    38 ||    92
         Constrict         |    10 |     5 ||    15
         Tentacles         |     9 |     2 ||    11
         Punch             |     1 |       ||     1
   Stab: Sleeping          |     4 |     1 ||     5
 Armour: Skin              |    17 |    13 ||    30
  Dodge: Dodged            |    33 |    25 ||    58
  Block: Buckler           |     1 |     6 ||     7
